 Dungeon Crawl Stone Soup version 0.28.0-1-gb440e238dd (webtiles) character file.

Game seed: 11290319114118696558

1604 a3don the Sneak (level 8, 0/36 HPs)
             Began as a Felid Summoner on Feb 22, 2022.
             Killed from afar by a steam dragon (21 damage)
             ... with a ball of steam
             ... on level 7 of the Dungeon.
             The game lasted 00:36:00 (11703 turns).

a3don the Sneak (Felid Summoner)                   Turns: 11703, Time: 00:36:01

Health: 0/36       AC:  2    Str:  4    XL:     8   Next: 63%
Magic:  10/16      EV: 21    Int: 18    God:
Gold:   386        SH:  0    Dex: 17    Spells: 0/16 levels left
                                        Lives:  0   Deaths: 2

rFire   . . .      SeeInvis +     - Unarmed
rCold   . . .      Faith    .   (shield unavailable)
rNeg    + . .      Spirit   .   (armour unavailable)
rPois   .          Reflect  .   (helmet unavailable)
rElec   .          Harm     .   (cloak unavailable)
rCorr   .          Rampage  .   (gloves unavailable)
Will    +....                   (boots unavailable)
Stlth   ++++......              (no amulet)
HPRegen 0.12/turn               c - ring of positive energy
MPRegen 0.15/turn               q - +4 ring of slaying

@: quick
A: very small, claws 1, fangs 3, see invisible, speed 1, shaggy fur 2, stealthy
paws, no weapons or thrown items, no armour, multi-lived
a: no special abilities


You were on level 7 of the Dungeon.
You visited 1 branch of the dungeon, and saw 7 of its levels.
You also visited: Ossuary.

You collected 518 gold pieces.
You spent 132 gold pieces at shops.

Inventory:

Jewellery
 c - a ring of positive energy (left paw)
 q - a +4 ring of slaying (right paw)
Wands
 o - a wand of acid (2)
Scrolls
 a - a scroll of summoning
 b - 5 scrolls of teleportation
 e - a scroll of enchant armour {unknown}
 g - a scroll of fog {unknown}
 h - a scroll of blinking
 k - 3 scrolls of fear
 r - a scroll of enchant weapon {unknown}
 u - 2 scrolls of amnesia
Potions
 d - a potion of lignification {unknown}
 i - 2 potions of haste
 l - 2 potions of mutation
 m - 2 potions of ambrosia
 p - 3 potions of might
 s - 2 potions of flight
 t - 2 potions of cancellation
 v - 2 potions of brilliance
 x - a potion of berserk rage
 z - a potion of resistance {unknown}


   Skills:
 + Level 4.6 Fighting
 + Level 6.9 Dodging
 + Level 7.5 Stealth
 - Level 1.1 Unarmed Combat
 + Level 4.8 Spellcasting
 + Level 5.5 Hexes
 + Level 6.4 Summonings
 + Level 4.1 Ice Magic
 + Level 1.2 Air Magic
 + Level 1.2 Poison Magic


You couldn't memorise any spells.
You knew the following spells:

 Your Spells              Type           Power      Damage    Failure   Level
a - Summon Small Mammal   Summ           100%       N/A       1%          1
b - Call Imp              Summ           27%        N/A       1%          2
c - Call Canine Familiar  Summ           27%        N/A       3%          3
d - Summon Guardian Gole  Hex/Summ       25%        N/A       3%          3
e - Frozen Ramparts       Ice            38%        1d5       8%          3
f - Summon Ice Beast      Ice/Summ       23%        N/A       16%         4

Your spell library contained the following spells:

 Spells                   Type           Power      Damage    Failure   Level
 Poisonous Vapours        Pois/Air       16%        N/A       12%         2
 Swiftness                Air            8%         N/A       24%         3
 Summon Lightning Spire   Summ/Air       18%        N/A       28%         4
 Ice Form                 Ice/Tmut       11%        N/A       50%         4
 Blade Hands              Tmut           2%         N/A       98%         5
 Borgnjor's Vile Clutch   Necr/Erth      2%         N/A       98%         5
 Simulacrum               Ice/Necr       5%         N/A       100%        6
 Portal Projectile        Hex/Tloc       Unusable   N/A       N/A         3
 Excruciating Wounds      Necr           Unusable   N/A       N/A         5

Dungeon Overview and Level Annotations

Branches:
Dungeon (7/15)            Ossuary (visited)
 Temple: D:4-7

Altars:

Shops:
D:6 ?

Annotations:
D:5 !water moc


Innate Abilities, Weirdness & Mutations

You have sharp claws.
You have razor-sharp teeth.
You have supernaturally acute eyesight. (SInv)
You cover ground quickly. (Speed+)
You are covered in thick fur. (AC +2)
Your paws help you pounce on unaware monsters.
You are incapable of wielding weapons or throwing items.
You cannot wear armour.
You gain extra lives every three experience levels.


Message History

Flame seeps out of your guardian golem.
Your hound runs in silly circles!
Your hound bites the orc warrior but does no damage.
Your guardian golem is engulfed in blazing flames.
Your guardian golem disappears in a puff of smoke!
Your guardian golem explodes!
The fiery explosion engulfs the orc warrior!!
The orc warrior dies!
The fiery explosion engulfs your hound!!
Your hound dies!
Your hound's corpse disappears in a puff of smoke!
There is an open door here.
You close the door.
You open the door.
There is an open door here.
Unknown command.
You close the door.
You start resting.
Magic restored.
You start resting.
A steam dragon is nearby!
Casting: Frozen Ramparts (dangerous; 8% risk of failure)
Confirm with . or Enter, or press ? or * to list all spells.
The steam dragon hisses angrily.
Casting: Call Canine Familiar (dangerous; 3% risk of failure)
Confirm with . or Enter, or press ? or * to list all spells.
A guardian golem appears, shielding your allies.
The steam dragon breathes steam at you. The ball of steam misses you.
The ball of steam hits your hound!!
You swap places.
You are engulfed in a cloud of scalding steam.
Your hound is engulfed in a cloud of scalding steam.
Your hound bites the steam dragon.
The steam dragon breathes steam at you. The ball of steam hits your hound!!
Your hound dies!
Your hound's corpse disappears in a puff of smoke!
The ball of steam hits you!!
Ouch! That really hurt!
You die...

### ########## #.. ..##.....#
#.# #.##.###.# #.# #.##.# #.#
#.####.##.###.# ##
#....9......#.#
.##########...##D##.#.#.#
........##.....#§##.#.#.#
.######........#@##.....# ###
#####.....§####.###### ..#
##.########.####[## #.# #.#
#..........## #.# ##+##
#.##.##.....## #.# ##...##
#.##.........# #.##
##.....###.#####.....## #..##
##.......##9###.#....##
....####...).....#....).#..##


You could see a steam dragon (catching breath, ally target) and a friendly
guardian golem (summoned).

Vanquished Creatures
  Pikel (D:6)
  3 water moccasins
  A lemure (D:6)
  A scorpion (D:6)
  A water moccasin zombie (D:6)
  A water moccasin skeleton (D:6)
  Jessica (D:3)
  Natasha (twice) (D:2)
  An orc wizard (D:6)
  2 adders
  2 orcs
  3 endoplasms
  2 goblins
  2 hobgoblins
  2 kobolds
  A quokka (D:1)
  2 ball pythons (D:1)
  A frilled lizard (D:3)
  2 rats (D:2)
31 creatures vanquished.

Vanquished Creatures (collateral kills)
  An ice beast (D:6)
  2 sky beasts (D:7)
  An ogre (D:7)
  A wight (D:6)
  An orc priest (D:6)
  4 hounds
  A jelly (D:5)
  Terence (D:3)
  Natasha (D:2)
  An orc wizard (D:4)
  8 mummies (Ossuary)
  Robin (D:4)
  4 gnolls (D:7)
  13 adders
  A shadow imp (D:6)
  An ufetubus (D:6)
  An adder skeleton (D:4)
  A worm (D:4)
  2 dart slugs
  10 orcs
  6 endoplasms
  2 giant cockroaches
  8 hobgoblins
  4 jackals (D:3)
  5 kobolds
  A quokka (D:3)
  6 ball pythons
  A bat (D:1)
  3 frilled lizards
  3 gnoll zombies (Ossuary)
  7 goblins
  3 hobgoblin zombies (Ossuary)
  A kobold zombie (Ossuary)
  An orc zombie (Ossuary)
  4 rats
111 creatures vanquished.

Vanquished Creatures (others)
  A troll (D:6)
  2 orc warriors
  A centaur (D:6)
  A gnoll sergeant (D:7)
  3 wights (D:6)
  A gnoll (D:7)
9 creatures vanquished.

Grand Total: 151 creatures vanquished

Notes
Turn   | Place    | Note
-------+----------+-------------------------------------------
     0 | D:1      | a3don the Felid Summoner began the quest for the Orb.
     0 | D:1      | Reached XP level 1. HP: 7/7 MP: 4/4
   463 | D:1      | Reached skill level 3 in Stealth
   463 | D:1      | Reached XP level 2. HP: 12/12 MP: 3/6
   548 | D:1      | Learned a level 2 spell: Call Imp
  1033 | D:1      | Found a faded altar of an unknown god.
  1404 | D:2      | Reached skill level 1 in Fighting
  1486 | D:2      | Reached XP level 3. HP: 15/15 MP: 3/7
  1490 | D:2      | Learned a level 3 spell: Call Canine Familiar
  1584 | D:2      | Noticed Natasha
  1903 | D:2      | You fall into a shaft and drop 1 floor!
  2607 | D:2      | Reached XP level 4. HP: 19/19 MP: 8/8
  2699 | D:2      | Killed Natasha
  3070 | D:2      | Noticed Natasha
  3083 | D:2      | Killed Natasha
  3084 | D:2      | Reached skill level 1 in Unarmed Combat
  3422 | D:2      | Noticed Natasha
  3437 | D:2      | Killed Natasha
  3438 | D:2      | Reached skill level 1 in Ice Magic
  3438 | D:2      | Reached XP level 5. HP: 22/22 MP: 0/10
  4009 | D:3      | Reached skill level 4 in Stealth
  4292 | D:3      | Noticed Jessica
  4300 | D:3      | Killed Jessica
  4381 | D:3      | Noticed Terence
  4404 | D:3      | Killed Terence
  4411 | D:3      | Gained mutation: You are covered in thick fur. (AC +2)
                  | [Felid growth]
  4411 | D:3      | Reached XP level 6. HP: 25/26 MP: 5/11
  4603 | D:4      | Learned a level 3 spell: Summon Guardian Golem
  4810 | D:4      | Noticed Robin
  4832 | D:4      | Killed Robin
  5051 | D:4      | Found a sand-covered staircase.
  5149 | Ossuary  | Entered an ossuary
  6087 | D:4      | Reached skill level 1 in Hexes
  6162 | D:5      | Entered Level 5 of the Dungeon
  6306 | D:5      | Reached skill level 5 in Summonings
  6306 | D:5      | Reached XP level 7. HP: 30/30 MP: 9/12
  6520 | D:5      | Reached skill level 5 in Stealth
  7032 | D:6      | Learned a level 3 spell: Frozen Ramparts
  7038 | D:6      | Noticed Pikel
  7525 | D:6      | Killed Pikel
  7526 | D:6      | Reached skill level 5 in Dodging
  7526 | D:6      | Reached skill level 6 in Stealth
  7526 | D:6      | Reached XP level 8. HP: 34/34 MP: 1/14
  8800 | D:6      | Shot with an arrow by a centaur
  8801 | D:6      | Reached XP level 7. HP: -3/29 MP: 3/14
  9307 | D:6      | Found Waneu's Magic Scroll Shop.
  9337 | D:6      | Killed from afar by an orc priest
  9338 | D:6      | Reached XP level 6. HP: -2/28 MP: 4/13
  9338 | D:6      | Noticed a water moccasin
  9346 | D:6      | Killed a water moccasin
  9347 | D:6      | Reached XP level 7. HP: 26/32 MP: 8/14
  9649 | D:6      | Reached skill level 7 in Stealth
  9842 | D:6      | Bought a scroll of fear for 42 gold pieces
  9853 | D:6      | Bought a scroll of identify for 24 gold pieces
  9853 | D:6      | Bought a scroll of fear for 42 gold pieces
  9853 | D:6      | Bought a scroll of identify for 24 gold pieces
  9853 | D:6      | Identified a scroll of acquirement
  9855 | D:6      | Acquired the Guide on Dark Feathers
  9961 | D:6      | Noticed a troll
  9984 | D:6      | Killed a troll
  9985 | D:6      | Reached skill level 5 in Hexes
  9985 | D:6      | Reached XP level 8. HP: 23/36 MP: 4/15
 10669 | D:6      | Learned a level 4 spell: Summon Ice Beast
 10981 | D:7      | Reached skill level 1 in Air Magic
 11074 | D:7      | Reached skill level 1 in Poison Magic
 11703 | D:7      | Killed from afar by a steam dragon

Illustrated notes

Levels and vault maps discovered:
D:1:      dpeg_cavernosity, layout_basic, chequers_ecumenical_altar_twisty,
          minmay_ruptured
D:2:      layout_loops_cross, uniq_natasha
D:3:      layout_rooms, small_statue_intersection, kennysheep_generic_room_4,
          uniq_jessica, uniq_terence
D:4:      layout_basic, enter_ossuary_2, st_stairs_1, uniq_robin
D:5:      layout_loops_corners, chequers_temple_overflow_minitemple,
          temple_green
D:6:      nicolae_cairo_tiling_large_dashed, layout_layer_cave, serial_shops,
          shop, chequers_serial_rivers_small_b, uniq_pikel
D:7:      wad_guarded_room, layout_loops_corners, kennysheep_decorative_pillar,
          nicolae_underground_beach, uniq_harold

Skill      XL: |  1  2  3  4  5  6  7  8 |
---------------+-------------------------+-----
Stealth        | 3 4 7 |  7.5
Dodging        | 3 4 6 |  6.9
Fighting       | 1 2 4 |  4.6
Unarmed Combat | 1 |  1.1
Ice Magic      | 1 2 4 |  4.1
Spellcasting   | 3 4 |  4.8
Hexes          | 1 5 4 |  5.5
Summonings     | 5 6 |  6.4
Air Magic      | 1 |  1.2
Poison Magic   | 1 |  1.2

Action                   |  1- 3 |  4- 6 |  7- 9 || total
-------------------------+-------+-------+-------++-------
Melee: Unarmed           |    20 |    20 |    17 ||    57
       Bite              |     2 |     1 |     2 ||     5
 Cast: Summon Small Mamm |    43 |    11 |     7 ||    61
       Call Imp          |     6 |    11 |    16 ||    33
       Call Canine Famil |     6 |    33 |    53 ||    92
       Frozen Ramparts   |       |     1 |     8 ||     9
       Summon Guardian G |       |       |    21 ||    21
Evoke: Wand              |       |       |     3 ||     3
  Use: Scroll            |       |     6 |    12 ||    18
       Potion            |       |       |     2 ||     2
 Stab: Sleeping          |     5 |     4 |       ||     9
       Distracted        |     1 |     2 |     1 ||     4
Armor: Skin              |     1 |     3 |     2 ||     6
Dodge: Dodged            |    24 |    29 |    50 ||   103
